Map: 블랙번 - 래더

Players

Dream - Winner!

  • Race: Terran Terran
  • League: Master

DPGRogue (Rogue)

  • Race: Zerg Zerg

Event: DreamHack SC2 Masters Last Chance 2022

VOD

Have the link to the VOD?

Description

Time

  • Played on: Dec. 15, 2021, 5:14 a.m.
  • Length: 2:38

All games in this series

Show
View Real Time Build Order
Export as new Build Order

Dream Terran - Winner!

Build Orders:  

Get SALT Encoding   

  12  0:00  SCV  
  13  0:12  SCV  
  14  0:21  Supply Depot  
  14  0:24  SCV  
  15  0:42  Barracks  
  15  0:51  Barracks  
  15  1:02  SCV  
  16  1:14  SCV  
  17  1:31  Marine  
  18  1:33  Orbital Command  
  18  1:38  Marine  
  19  1:41  Supply Depot  
  19  1:53  Marine  
  20  1:56  Marine  
  20  2:00  Bunker  
  22  2:03  Bunker  
  22  2:07  Bunker  
  21  2:11  Marine  
  21  2:13  SCV  
  23  2:15  Marine  
  24  2:25  SCV  
Show
View Real Time Build Order
Export as new Build Order

DPGRogue Zerg 

Build Orders: Hatch First 

Get SALT Encoding   

  12  0:00  Drone  
  13  0:12  Overlord  
  13  0:16  Drone  
  14  0:30  Drone x2  
  16  0:49  Hatchery  
  15  0:51  Drone  
  15  0:55  Drone  
  17  0:59  Drone  
  18  1:16  Spawning Pool  
  17  1:20  Drone  
  18  1:29  Drone  
  19  1:38  Drone  
  20  1:49  Extractor  
  19  2:02  Zergling x8  
  27  2:16  Zergling x2  

Tags
 
Add a new tag
Caveats
  • Supply blocks, unpowered buildings, or Contaminate may cause inaccurate times.
  • Supply counts are checked every 10 seconds.